 Dungeon Crawl Stone Soup version 0.29-a0-270-g1586fc07ea (webtiles) character file.

Game seed: 9058308422958540902

329 flyleaff the Quickloader (level 6, -9/34 HPs)
             Began as a Kobold Arcane Marksman on Mar 8, 2022.
             Mangled by an ogre
             ... wielding a +0 giant club
              (32 damage)
             ... on level 4 of the Dungeon.
             The game lasted 00:16:49 (3564 turns).

flyleaff the Quickloader (Kobold Arcane Marksman)   Turns: 3564, Time: 00:16:50

Health: -9/34      AC:  5    Str:  7    XL:     6   Next: 80%
Magic:  2/7        EV: 19    Int: 16    God:
Gold:   77         SH:  0    Dex: 19    Spells: 1/7 levels left

rFire   . . .      SeeInvis .   a - +1 hand crossbow
rCold   . . .      Faith    .   (no shield)
rNeg    . . .      Spirit   .   b - +1 robe
rPois   .          Reflect  .   k - +1 helmet of Anaesthesia {Dex+3}
rElec   .          Harm     .   (no cloak)
rCorr   .          Rampage  .   (no gloves)
Will    .....                   (no boots)
Stlth   +++.......              h - amulet of regeneration
HPRegen 0.91/turn               e - +4 ring of evasion
MPRegen 0.10/turn               p - ring of wizardry

@: no status effects
A: small, no large weapons, nightstalker 3
a: no special abilities


You were on level 4 of the Dungeon.
You visited 1 branch of the dungeon, and saw 4 of its levels.
You also visited: Sewer.

You collected 77 gold pieces.

Inventory:

Hand Weapons
 a - a +1 hand crossbow (weapon)
 u - a +1 hunting sling of freezing
Armour
 b - a +1 robe (worn)
 k - the +1 helmet of Anaesthesia (worn) {Dex+3}
   (You found it on level 2 of the Dungeon)

   Dex:       It affects your dexterity (+3).
Jewellery
 e - a +4 ring of evasion (left hand)
 h - an amulet of regeneration (around neck)
 p - a ring of wizardry (right hand)
Scrolls
 c - 2 scrolls of vulnerability
 g - 2 scrolls of fog
 v - a scroll of teleportation
Potions
 d - a potion of attraction {unknown}
 f - 2 potions of magic
 i - a potion of lignification
 j - 4 potions of curing
 l - a potion of heal wounds
 m - 2 potions of resistance {unknown}
 n - 2 potions of haste {unknown}
 q - a potion of might {unknown}
 r - 2 potions of flight
 s - 2 potions of degeneration {unknown}


   Skills:
 - Level 1.1 Fighting
 + Level 8.8 Crossbows
 - Level 2.4 Dodging
 - Level 1.1 Spellcasting
 - Level 3.0 Hexes


You had one spell level left.
You knew the following spells:

 Your Spells              Type           Power      Damage    Failure   Level
a - Slow                  Hex            40%        N/A       2%          1
b - Inner Flame           Hex/Fire       5%         N/A       16%         3
c - Searing Ray           Conj           0%         2d4       14%         2

Your spell library contained the following spells:

 Spells                   Type           Power      Damage    Failure   Level
 Magic Dart               Conj           0%         1d3       9%          1
 Portal Projectile        Hex/Tloc       10%        N/A       16%         3
 Cause Fear               Hex            5%         N/A       26%         4
 Fulminant Prism          Conj/Hex       2%         3d6       43%         4


Dungeon Overview and Level Annotations

Branches:
Dungeon (4/15)             Temple (0/1) D:4           Sewer (visited)

Altars:
Makhleb
Uskayaw
The Shining One

Shops:
D:4 (


Innate Abilities, Weirdness & Mutations

You are small and have problems with some larger weapons.
You are completely attuned to the shadows.


Message History

Ouch! That really hurt!
* * * LOW HITPOINT WARNING * * *
Casting: Slow (safe; 2% risk of failure)
Confirm with . or Enter, or press ? or * to list all spells.
Aiming: Slow (safe; 2% risk of failure)
Press: ? - help, Shift-Dir - straight line, f/p - ogre
Aim: an ogre, wielding a +0 giant club (severely wounded, chance to affect: 49%)
The ogre resists with some effort.
The ogre attacks as you move away! The ogre closely misses you.
The ogre attacks as you move away! The ogre completely misses you.
Casting: Slow (safe; 2% risk of failure)
Confirm with . or Enter, or press ? or * to list all spells.
Aiming: Slow (safe; 2% risk of failure)
Press: ? - help, Shift-Dir - straight line, f/p - ogre
Aim: an ogre, wielding a +0 giant club (severely wounded, chance to affect: 49%)
The ogre resists with some effort.
The ogre attacks as you move away! The ogre hits you with a +0 giant club!
* * * LOW HITPOINT WARNING * * *
The ogre attacks as you move away! The ogre barely misses you.
A dart slug comes into view.
The dart slug launches a dart at you. The slug dart misses you.
The dart slug launches a dart at you. The slug dart misses you.
The ogre attacks as you move away! The ogre completely misses you.
The dart slug launches a dart at you. The slug dart hits you.
The dart slug launches a dart at you. The slug dart hits you.
The ogre attacks as you move away! The ogre closely misses you.
Casting: Slow (safe; 2% risk of failure)
Confirm with . or Enter, or press ? or * to list all spells.
Aiming: Slow (safe; 2% risk of failure)
Press: ? - help, Shift-Dir - straight line, f/p - ogre
Aim: an ogre, wielding a +0 giant club (heavily wounded, chance to affect: 49%)
The ogre resists with some effort.
The ogre attacks as you move away!
The ogre hits you with a +0 giant club!!
Ouch! That really hurt!
You die...

##.....#### #.........#
.....†..#.# #.......#.#
#.....##.# ########
#....###.# #......#
###.#w## #.# #..8.8.#
.......# #O# #...⌠..#
.....<# #@# ##.#...##
##....###.## #..#####
#.........# ##.##
##..∩####..# ###..#
.......###..# #...##
.##.........###....####
##...####......_....##
.................#...###
##.#########............


You could see an ogre.

Vanquished Creatures
  A kobold brigand (Sewer)
  Terence (D:2)
  An orc wizard (D:3)
  Robin (D:3)
  A gnoll (D:1)
  5 adders
  4 river rats
  An adder skeleton (D:2)
  An adder zombie (D:2)
  2 worms (D:4)
  2 dart slugs
  4 orcs (D:3)
  10 ball pythons
  4 bats
  3 endoplasms
  A giant cockroach (D:1)
  16 goblins
  6 hobgoblins
  14 kobolds
  2 quokkas
  A ball python skeleton (D:2)
  3 ball python zombies (D:2)
  3 frilled lizards
  A quokka skeleton (D:2)
  13 rats
101 creatures vanquished.

Notes
Turn   | Place    | Note
-------+----------+-------------------------------------------
     0 | D:1      | flyleaff the Kobold Arcane Marksman began the quest for the
                  | Orb.
     0 | D:1      | Reached XP level 1. HP: 12/12 MP: 2/2
    57 | D:1      | Reached skill level 3 in Crossbows
   343 | D:1      | Reached XP level 2. HP: 9/16 MP: 0/3
   828 | D:1      | Reached skill level 4 in Crossbows
  1023 | D:1      | Reached XP level 3. HP: 17/20 MP: 1/4
  1059 | D:1      | Learned a level 3 spell: Inner Flame
  1583 | D:2      | Reached skill level 5 in Crossbows
  1585 | D:2      | Identified the +1 helmet of Anaesthesia {Dex+3}
  2115 | D:2      | Reached XP level 4. HP: 25/25 MP: 5/5
  2152 | D:3      | Noticed Terence
  2204 | D:2      | Killed Terence
  2205 | D:2      | Reached skill level 6 in Crossbows
  2304 | D:3      | Found a glowing golden altar of the Shining One.
  2403 | D:3      | Noticed Robin
  2450 | D:3      | Killed Robin
  2451 | D:3      | Reached XP level 5. HP: 29/29 MP: 1/6
  2561 | D:3      | Reached skill level 7 in Crossbows
  2603 | D:3      | You fall into a shaft and drop 1 floor!
  2717 | D:4      | Found a hide-covered altar of Uskayaw.
  2902 | D:4      | Found a staircase to the Ecumenical Temple.
  2946 | D:4      | Reached XP level 6. HP: 33/34 MP: 5/7
  3005 | D:4      | Found a glowing drain.
  3011 | Sewer    | Entered a sewer
  3081 | Sewer    | Reached skill level 8 in Crossbows
  3452 | D:4      | Found a burning altar of Makhleb.
  3483 | D:4      | Found Uclufun's Weapon Emporium.
  3486 | D:4      | Noticed an ogre
  3494 | D:4      | Learned a level 2 spell: Searing Ray
  3535 | D:4      | HP: 1/34 [ogre/+0 giant club (16)]
  3564 | D:4      | Mangled by an ogre

Illustrated notes

Levels and vault maps discovered:
D:1:      wander_arrival_peaceful_grave, layout_loops_corners, minivault_25,
          minmay_split_cup_small
D:2:      layout_basic, serial_undead, serial_undead_b, serial_undead_d,
          serial_undead_a, serial_undead_e
D:3:      layout_rooms, lemuel_crystal_altar, uniq_robin, uniq_terence,
          uniq_crazy_yiuf_cottage
D:4:      layout_loops_ring, bloody_makhleb, mainiacjoe_overflow_alcove_4,
          minmay_temple_entry_large_hall, lightli_sewer_entry_pipes,
          serial_shops, shop, hangedman_feature_mirror

Skill      XL: |  1  2  3  4  5  6 |
---------------+-------------------+-----
Crossbows      | 3 4 5 6 7 8 |  8.8
Fighting       | |  1.1
Dodging        | |  2.4
Spellcasting   | |  1.1
Hexes          | |  3.0

Action                   |  1- 3 |  4- 6 || total
-------------------------+-------+-------++-------
 Fire: Hand crossbow     |   103 |   227 ||   330
 Cast: Slow              |     7 |    17 ||    24
       Inner Flame       |       |     2 ||     2
       Searing Ray       |       |     1 ||     1
  Use: Scroll            |       |    12 ||    12
       Potion            |       |     1 ||     1
Armor: Robe              |     6 |    17 ||    23
Dodge: Dodged            |    44 |   144 ||   188

Table legend: (Time is in decaauts)
 A = Elapsed time spent in this place.
 B = Non-inter-level travel time spent in this place.
 C = Inter-level travel time spent in this place.
 D = Time resting spent in this place.
 E = Time spent auto-exploring this place.
 F = Levels seen in this place.
 G = Mean time per level.
                   A        B        C        D        E       F      G
               +--------+--------+--------+--------+--------+-----+--------+
         Total |   3741 |   3626 |    115 |      4 |   2545 |   5 |  748.2 |
       Dungeon |   3249 |   3134 |    115 |      4 |   2227 |   4 |  812.2 |
         Sewer |    492 |    492 |      0 |      0 |    318 |   1 |  492.0 |
               +--------+--------+--------+--------+--------+-----+--------+

Top non-repeatable levels by time:
     D:1: 1508 daAuts
     D:2: 787 daAuts
     D:4: 595 daAuts
   Sewer: 492 daAuts
     D:3: 357 daAuts
